 Dungeon Crawl Stone Soup version 0.21.1-1-g345015f (webtiles) character file.

125 Mesmaeker13 the Chiller (level 4, -6/24 HPs)
             Began as a Deep Elf Ice Elementalist on Apr 14, 2018.
             Mangled by Natasha (8 damage)
             ... on level 2 of the Dungeon.
             The game lasted 00:02:12 (2044 turns).

Mesmaeker13 the Chiller (Deep Elf Ice Elementalist) Turns: 2044, Time: 00:02:13

Health: -6/24      AC:  3    Str:  6    XL:     4   Next: 82%
Magic:  5/10       EV: 14    Int: 20    God:
Gold:   0          SH:  0    Dex: 15    Spells: 6/9 levels left

rFire    + . .     SeeInvis .   e - +0 dagger
rCold    x . .     Gourm    .   (no shield)
rNeg     . . .     Faith    .   a - +1 robe
rPois    .         Spirit   .   (no helmet)
rElec    .         Reflect  .   (no cloak)
rCorr    .         Harm     .   (no gloves)
MR       .....                  (no boots)
Stlth    ++........             (no amulet)
HPRegen  0.08/turn              o - ring of fire (curse)
MPRegen  0.12/turn              (no ring)

@: no status effects
A: no striking features
a: no special abilities


You were on level 2 of the Dungeon.
You were not hungry.

You visited 1 branch of the dungeon, and saw 2 of its levels.

Inventory:

Hand Weapons
 e - a +0 dagger (weapon)
Armour
 a - a +1 robe (worn)
Jewellery
 o - a cursed ring of fire (left hand)
 p - an uncursed amulet of guardian spirit {unknown}
Scrolls
 f - a scroll of teleportation {unknown}
 h - a scroll of magic mapping {unknown}
 j - a scroll of enchant armour
 k - a scroll of fog {unknown}
 l - a scroll of remove curse {unknown}
 m - a scroll of noise {unknown}
Potions
 d - a potion of berserk rage {unknown}
 g - a potion of degeneration {unknown}
 i - 2 potions of heal wounds {unknown}
Books
 b - a book of Frost

   Spells                             Type                      Level
   a - Freeze                         Ice                          1
   b - Throw Frost                    Conjuration/Ice              2
   c - Ozocubu's Armour               Charms/Ice                   3
   d - Throw Icicle                   Conjuration/Ice              4
   e - Summon Ice Beast               Ice/Summoning                4
Comestibles
 c - 3 rations
 n - 6 chunks of flesh


   Skills:
 + Level 4.3 Dodging
 - Level 2.4 Stealth
 - Level 3.0 Spellcasting
 + Level 2.4 Conjurations
 + Level 4.6 Ice Magic


You had 6 spell levels left.
You knew the following spells:

 Your Spells              Type           Power        Failure   Level  Hunger
a - Freeze                Ice            ###.         1%          1    None
b - Throw Frost           Conj/Ice       ###...       4%          2    ##.....


Dungeon Overview and Level Annotations

Branches:
Dungeon (2/15)

Altars:
Ashenzari
Xom

Annotations:
D:2 Natasha


Message History

Natasha claws you.
* * * LOW HITPOINT WARNING * * *
Casting: Freeze
Confirm with . or Enter, or press ? or * to list all spells.
Aiming: Freeze
Press: ? - help, Shift-Dir - straight line, f/p - Natasha
Aim: Natasha (lightly wounded)
You freeze Natasha.
Natasha is heavily wounded.
Natasha claws you.
* * * LOW HITPOINT WARNING * * *
Casting: Freeze
Confirm with . or Enter, or press ? or * to list all spells.
Aiming: Freeze
Press: ? - help, Shift-Dir - straight line, f/p - Natasha
Aim: Natasha (heavily wounded)
You freeze Natasha.
Natasha is almost dead.
Natasha claws you!
You die...

###.... #........
.....#####
.#.######.
######...#... .#.#
#.
.........#.###..#.#
#.
#.....).....#..#.#
#.
##......(......#.#
#.
#.##.#...#.#..#.#
#. # #.#...#.#..#.#
#. #.#@..#.#..#.#
#. ..#h..#.#..#.#
#. #.#...#.#..#.#
#. ..#.....#..#.#
#. #.#..####..#.#
#. #..........# #.
#..####..### #.
#..# #..# #. #
#..####..#### #.


You could see Natasha.

Vanquished Creatures
  2 jellies (D:2)
  Natasha (D:2)
  A worm (D:2)
  2 dart slugs (D:1)
  2 leopard geckos (D:1)
  2 bats
  6 goblins (D:1)
  2 hobgoblins (D:2)
  An iguana (D:2)
  4 jackals (D:1)
  2 kobolds (D:1)
  4 frilled lizards
  4 rats
33 creatures vanquished.

Notes
Turn   | Place    | Note
-------+----------+-------------------------------------------
     0 | D:1      | Mesmaeker13 the Deep Elf Ice Elementalist began the quest for the Orb.
     0 | D:1      | Reached XP level 1. HP: 10/10 MP: 6/6
     2 | D:1      | Noticed a demigod
     2 | D:1      | Noticed a spriggan
     4 | D:1      | Noticed a human
     6 | D:1      | Noticed a gargoyle
     8 | D:1      | Noticed a troll
     8 | D:1      | Noticed a vampire
    10 | D:1      | Noticed a minotaur
    10 | D:1      | Noticed an octopode
    12 | D:1      | Noticed a tengu
    12 | D:1      | Noticed a formicid
    14 | D:1      | Noticed a felid
    14 | D:1      | Noticed a dwarf
    16 | D:1      | Noticed a merfolk
    16 | D:1      | Noticed a naga
    18 | D:1      | Noticed a draconian
    18 | D:1      | Noticed a halfling
    20 | D:1      | Noticed a ghoul
    20 | D:1      | Noticed a vine stalker
    22 | D:1      | Noticed an elf
    24 | D:1      | Noticed a centaur
    26 | D:1      | Noticed a demonspawn
    26 | D:1      | Noticed an ogre
   438 | D:1      | Reached XP level 2. HP: 15/15 MP: 6/8
   775 | D:1      | Found a shattered altar of Ashenzari.
  1091 | D:1      | Reached XP level 3. HP: 17/19 MP: 5/9
  1398 | D:2      | Found a shimmering altar of Xom.
  1404 | D:2      | Learned a level 2 spell: Throw Frost
  1760 | D:2      | Reached XP level 4. HP: 24/24 MP: 7/10
  2026 | D:2      | Noticed Natasha
  2033 | D:2      | Killed Natasha
  2039 | D:2      | Noticed Natasha
  2044 | D:2      | Mangled by Natasha

Skill      XL: |  1  2  3 |
---------------+----------+-----
Dodging        | 3 4 |  4.3
Ice Magic      | 4 |  4.6
Conjurations   | 2 |  2.4
Stealth        | |  2.4
Spellcasting   | |  3.0

Action                   |  1- 3 |  4- 6 || total
-------------------------+-------+-------++-------
Melee: Dagger            |    16 |    10 ||    26
 Cast: Freeze            |    34 |    13 ||    47
  Use: Scroll            |     1 |       ||     1
 Stab: Sleeping          |     6 |       ||     6
  Eat: Chunk             |     2 |     1 ||     3
Armor: Robe              |     6 |     3 ||     9
Dodge: Dodged            |    16 |    14 ||    30
